 Dungeon Crawl Stone Soup version 0.29.1-15-g9cfb28693d (webtiles) character file.

Game seed: 9154289131914377524

518 bmack86 the Chopper (level 7, 0/61 HPs)
             Began as a Minotaur Fighter on Mar 18, 2023.
             Was an Initiate of Okawaru.
             Succumbed to a gnoll sergeant's poison
             ... on level 3 of the Dungeon.
             The game lasted 00:05:41 (2773 turns).

bmack86 the Chopper (Minotaur Fighter)              Turns: 2773, Time: 00:05:42

Health: 0/61       AC:  9    Str: 29    XL:     7   Next: 1%
Magic:  6/6        EV:  8    Int:  5    God:    Okawaru [......]
Gold:   137        SH:  4    Dex:  9    Spells: 6/6 levels left

rFire   . . .      SeeInvis .   a - +0 war axe
rCold   . . .      Faith    .   c - +0 buckler
rNeg    . . .      Spirit   .   e - +0 chain mail
rPois   .          Reflect  .   (helmet restricted)
rElec   .          Harm     .   (no cloak)
rCorr   .          Rampage  .   (no gloves)
Will    .....                   (no boots)
Stlth   ..........              (no amulet)
HPRegen 0.20/turn               f - +6 ring of strength
MPRegen 0.10/turn               (no ring)

@: lethally poisoned (0 -> -15)
A: horns 2, retaliatory headbutt
a: Renounce Religion


You were on level 3 of the Dungeon.
You worshipped Okawaru.
Okawaru was noncommittal.
You visited 1 branch of the dungeon, and saw 3 of its levels.
You also visited: Sewer.

You collected 137 gold pieces.

Inventory:

Hand Weapons
 a - a +0 war axe (weapon)
Missiles
 p - 30 poisoned darts (quivered)
Armour
 b - a +0 scale mail
 c - a +0 buckler (worn)
 e - a +0 chain mail (worn)
Jewellery
 f - a +6 ring of strength (left hand)
Wands
 k - a wand of flame (28)
 l - a wand of roots (14)
Scrolls
 h - a scroll of teleportation
 r - a scroll of amnesia
Potions
 d - 2 potions of might
 g - a potion of brilliance {unknown}
 i - a potion of magic {unknown}
 j - 2 potions of heal wounds
 m - 2 potions of haste {unknown}
 n - a potion of mutation {unknown}
 o - 2 potions of invisibility {unknown}
 q - a potion of cancellation {unknown}


   Skills:
 + Level 5.2 Fighting
 * Level 6.0 Axes
 + Level 1.2 Throwing
 + Level 5.2 Armour
 + Level 5.2 Shields
 + Level 0.1 Invocations


You had 6 spell levels left.
You didn't know any spells.
Your spell library contained the following spells:

 Spells                   Type           Power      Damage    Failure   Level
 Ensorcelled Hibernation  Hex/Ice        0%         N/A       99%         2
 Spider Form              Tmut/Pois      0%         N/A       100%        3
 Anguish                  Hex/Necr       0%         N/A       100%        4


Dungeon Overview and Level Annotations

Branches:
Dungeon (3/15)              Sewer (visited)

Altars:
Okawaru
The Shining One


Innate Abilities, Weirdness & Mutations

You have a pair of horns on your head.
You reflexively headbutt those who attack you in melee.


Message History

You are poisoned.
You block the gnoll's attack. The gnoll barely misses you.
The gnoll sergeant hits you from afar with a +4 spear of venom!
You are more poisoned.
The gnoll hits you but does no damage.
You hit the gnoll. You headbutt the gnoll!
You kill the gnoll!
Okawaru accepts your kill.
You feel very sick. The gnoll barely misses you.
The gnoll hits you from afar with a +0 spear.
The gnoll sergeant hits you from afar with a +4 spear of venom.
You are lethally poisoned!
You have reached level 7!
Found a scroll of identify.
* * * LOW HITPOINT WARNING * * *
You feel very sick. The gnoll hits you but does no damage.
The gnoll hits you with a +0 club.
* * * LOW HITPOINT WARNING * * *
The gnoll hits you but does no damage.
The gnoll sergeant hits you from afar with a +4 spear of venom.
* * * LOW HITPOINT WARNING * * *
Things that are here:
a +0 flail; a scroll labelled LAUWNI JEQEAMO You hit the gnoll but do no damage.
You headbutt the gnoll, but do no damage.
You hit the gnoll. You barely miss the gnoll.
* * * LOW HITPOINT WARNING * * *
You feel very sick. The gnoll hits you with a +0 spear.
* * * LOW HITPOINT WARNING * * *
The gnoll barely misses you. You furiously retaliate!
You headbutt the gnoll. The gnoll hits you but does no damage.
You block the gnoll sergeant's attack.
You closely miss the gnoll.
The gnoll is heavily wounded.
You slash the gnoll!
You kill the gnoll!
Okawaru accepts your kill.
You closely miss the gnoll.
You die...

.. #.###.##.# ##.
....##..##.$......####..
...........###.##.......
..................####..
...............#### #..
............... # #..
.#...>...##...##.## #..
.....ggg)#.....#..# #..
.......@...._.....# #..
...?.#.†.#.....#..# ##..
... ##.†##...##.####...
. #....†............
#............#..##
#..........#......
#.#######.†###.### ...#
#......# # ##...
##.##..# #


You could see a gnoll sergeant and 2 gnolls.

Vanquished Creatures
  5 kobold brigands (Sewer)
  A hound (D:3)
  Ijyb (D:3)
  4 adders
  2 gnolls (D:3)
  A worm (D:3)
  2 dart slugs
  An orc (D:3)
  8 ball pythons
  2 endoplasms (Sewer)
  3 giant cockroaches
  5 goblins
  3 hobgoblins
  3 quokkas
  11 bats
  4 frilled lizards
  12 kobolds
  6 rats
74 creatures vanquished.

Vanquished Creatures (others)
  A fungus (Sewer)
1 creature vanquished.

Grand Total: 75 creatures vanquished

Notes
Turn   | Place    | Note
-------+----------+-------------------------------------------
     0 | D:1      | bmack86 the Minotaur Fighter began the quest for the Orb.
     0 | D:1      | Reached XP level 1. HP: 19/19 MP: 0/0
   189 | D:1      | Reached XP level 2. HP: 19/27 MP: 1/1
   308 | D:1      | Reached skill level 3 in Axes
   950 | D:2      | Reached XP level 3. HP: 33/33 MP: 2/2
  1180 | D:2      | Found a glowing golden altar of the Shining One.
  1587 | D:2      | Found a faded altar of an unknown god.
  1842 | D:3      | Noticed Ijyb
  1861 | D:3      | Killed Ijyb
  1862 | D:3      | Reached skill level 4 in Axes
  1862 | D:3      | Reached XP level 4. HP: 12/40 MP: 3/3
  1914 | D:3      | Found a glowing drain.
  1923 | Sewer    | Entered a sewer
  2092 | Sewer    | Noticed a kobold brigand
  2092 | Sewer    | Noticed a kobold brigand
  2101 | Sewer    | Killed a kobold brigand
  2102 | Sewer    | Reached XP level 5. HP: 23/47 MP: 4/4
  2106 | Sewer    | Reached skill level 5 in Axes
  2106 | Sewer    | Reached XP level 6. HP: 15/55 MP: 5/5
  2379 | Sewer    | Reached skill level 5 in Fighting
  2379 | Sewer    | Reached skill level 5 in Armour
  2507 | Sewer    | Reached skill level 5 in Shields
  2567 | Sewer    | Reached skill level 1 in Throwing
  2607 | D:3      | Reached skill level 6 in Axes
  2736 | D:3      | Found an iron altar of Okawaru.
  2752 | D:3      | Became a worshipper of Warmaster Okawaru
  2771 | D:3      | Reached XP level 7. HP: 23/61 MP: 6/6
  2773 | D:3      | Succumbed to a gnoll sergeant's poison

Illustrated notes

Levels and vault maps discovered:
D:1:      dpeg_arrival_shrine, layout_rooms, chequers_serial_rivers_micro_e,
          minmay_misc_feat_roman
D:2:      layout_basic, shapermc_ecumenical_altar_totnotflames, basic_altar
D:3:      minmay_razor_zed, layout_rooms, okawaru_gym_becter,
          portal_sewer_entry_d, uniq_ijyb

Skill      XL: |  1  2  3  4  5  6 |
---------------+-------------------+-----
Axes           | 3 4 5 6 |  6.0
Fighting       | 4 5 |  5.2
Armour         | 4 5 |  5.2
Shields        | 4 5 |  5.2
Throwing       | 1 |  1.2
Invocations    | |  0.1

Action                   |  1- 3 |  4- 6 |  7- 9 || total
-------------------------+-------+-------+-------++-------
Melee: War axe           |    89 |    64 |     2 ||   155
       Headbutt          |     2 |     9 |     1 ||    12
  Use: Scroll            |     3 |     4 |       ||     7
       Potion            |       |     1 |       ||     1
Armor: Scale mail        |    26 |       |       ||    26
       Chain mail        |    33 |    39 |     3 ||    75
Dodge: Dodged            |    47 |    31 |     1 ||    79
Block: Buckler           |    24 |    24 |     1 ||    49
